 Dungeon Sprint DCSS version 0.29-a0-802-g34511f41fd (webtiles) character file.

Game seed: 17930921540542492787

174371 mhtbhm the Heavyweight Champion (level 16, -1/153 HPs)
             Began as a Troll Transmuter on July 3, 2022.
             Was an Initiate of Gozag.
             Slain by Mennas
             ... wielding a +3 trishula of holy wrath
              (13 damage)
             ... in the Dungeon (Sprint IX: "|||||||||||||||||||||||||||||").
             The game lasted 00:23:03 (7344 turns).

mhtbhm the Heavyweight Champion (Troll Transmuter)  Turns: 7344, Time: 00:23:04

Health: -1/153     AC: 13    Str: 34    XL:     16   Next: 7%
Magic:  0/35       EV: 13    Int: 12    God:    Gozag
Gold:   5051       SH:  8    Dex: 10    Spells: 21/47 levels left

rFire   + . .      SeeInvis .     - Unarmed
rCold   + . .      Faith    .   (no shield)
rNeg    . . .      Spirit   +   D - +2 acid dragon scales of Acwe {rCorr Int+3}
rPois   +          Reflect  .   K - +0 hat
rElec   +          Harm     .   t - +0 cloak {Will+}
rCorr   +          Rampage  .   (gloves unavailable)
Will    ++...      NoTele   +   (boots unavailable)
Stlth   +.........              w - brooch of Shielding {Spirit SH+8}
HPRegen 1.15/turn               v - ring of wizardry
MPRegen 0.24/turn               k - +6 ring of strength

@: mighty, brilliant, resistant, wereblooded, on berserk cooldown, hasted and
slowed, glowing, silenced, invisible (but backlit and visible)
A: large, unfitting armour, claws 3, regeneration 1, shaggy fur 1, tough skin 1
}: 4/17 runes: decaying, serpentine, barnacled, gossamer
a: Renounce Religion


You were in the Dungeon.
You worshipped Gozag.
Gozag was greatly pleased with you.
You visited 1 branch You collected 27856 gold pieces.
You spent 7685 gold pieces at shops.
You paid 15120 gold pieces to Gozag.

Inventory:

Missiles
 C - 10 large rocks (quivered)
 G - a throwing net
 O - 10 javelins
 P - 3 silver javelins
Armour
 a - a +2 robe of willpower
 t - a +0 cloak of willpower (worn)
 D - the +2 acid dragon scales of Acwe (worn) {rCorr Int+3}
   (You bought it in a shop in the Dungeon)

   Int:       It affects your intelligence (+3).
   rCorr:     It protects you from acid and corrosion.
 K - a +0 hat (worn)
 L - +0 gold dragon scales
 N - a +2 cloak of preservation
Jewellery
 k - a +6 ring of strength (right claw)
 p - a +6 ring of intelligence
 v - a ring of wizardry (left claw)
 w - the brooch of Shielding (around neck) {Spirit SH+8}
   (You bought it in a shop in the Dungeon)

   [amulet of guardian spirit]

   It causes incoming damage to be divided between your reserves of health and
   magic.
   SH:        It affects your SH (+8).
 x - a ring of positive energy
 y - a ring of protection from cold
 B - a ring of flight
 H - an amulet of regeneration
 I - a +4 ring of evasion
 J - the ring of Haez {*Slow rF- rN+++ Will+++ Slay+4}
   (You bought it in a shop in the Dungeon)

   [ring of slaying]

   Slay:      It affects your accuracy & damage with ranged weapons and melee
   (+4).
   rF:        It makes you vulnerable to fire.
   rN:        It renders you almost immune to negative energy.
   *Slow:     It may slow you when you take damage.
   Will:      It greatly increases your willpower.
Wands
 d - a wand of flame (23)
 j - a wand of iceblast (2)
 E - a wand of polymorph (2)
Scrolls
 h - a scroll of blinking
 i - 3 scrolls of amnesia
 q - 7 scrolls of enchant armour
 s - 2 scrolls of fog
 u - 3 scrolls of immolation
 A - 4 scrolls of enchant weapon
 F - 2 scrolls of summoning
 M - a scroll of fear
Potions
 b - a potion of invisibility
 c - 7 potions of curing
 f - 6 potions of magic
 g - 7 potions of berserk rage
 m - 2 potions of cancellation
 n - 2 potions of brilliance
 o - 6 potions of mutation
 r - 2 potions of attraction
 z - 5 potions of might


   Skills:
 + Level 8.4 Fighting
 + Level 1.6 Throwing
 + Level 8.2 Armour
 + Level 13.7 Dodging
 + Level 7.1 Stealth
 + Level 4.9 Shields
 O Level 27 Unarmed Combat
 + Level 16.3 Spellcasting
 + Level 18.3 Transmutations
 + Level 5.8 Ice Magic
 + Level 1.3 Poison Magic
 + Level 2.9 Evocations


You had 21 spell levels left.
You knew the following spells:

 Your Spells              Type           Power      Damage    Failure   Level
a - Beastly Appendage     Tmut           100%       N/A       0%          1
b - Wereblood             Tmut           69%        N/A       0%          2
c - Spider Form           Tmut/Pois      50%        N/A       1%          3
d - Ice Form              Ice/Tmut       55%        N/A       1%          4
e - Blade Hands           Tmut           34%        N/A       1%          5
f - Storm Form            Tmut/Air       23%        N/A       45%         7
g - Animate Armour        Summ/Erth      28%        N/A       28%         4

Your spell library contained the following spells:

 Spells                   Type           Power      Damage    Failure   Level
 Sting                    Tmut/Pois      100%       1d8       1%          1
 Passwall                 Tmut/Erth      39%        N/A       1%          2
 Poisonous Vapours        Pois/Air       34%        N/A       3%          2
 Portal Projectile        Hex/Tloc       28%        N/A       9%          3
 Tukima's Dance           Hex            14%        N/A       9%          3
 Olgreb's Toxic Radiance  Pois           19%        N/A       16%         4
 Summon Lightning Spire   Summ/Air       14%        N/A       28%         4
 Iron Shot                Conj/Erth      7%         9d2       98%         6


Dungeon Overview and Level Annotations

Branches:
Dungeon (1/1)

Altars:
Cheibriados
Dithmenos
Elyvilon
Fedhas
Gozag
Hepliaklqana
Kikubaaqudgha
Makhleb
Nemelex Xobeh
Okawaru
Qazlal
Ru
Sif Muna
Trog
Uskayaw
Vehumet
Wu Jian
Xom
Yredelemnul
Zin
The Shining One
Jiyva
Lugonu

Shops:
D ::?*?=!:[[*[[

Annotations:
D Mennas


Innate Abilities, Weirdness & Mutations

You are too large for most types of armour.
You have claws for hands.
Your natural rate of healing is unusually fast.
You are covered in fur. (AC +1)
You have tough skin. (AC +1)


Message History

The scroll dissolves into smoke.
Okay, then. [a] - 768 gold - invisibility, might, resistance and haste [b] - 638 gold - heal wounds, berserk rage, invisibility and might [c] - 240 gold - resistance Purchase which effect?
You fade into invisibility!
You feel very mighty all of a sudden.
You feel protected.
You feel yourself speed up.
You feel much better.
Mennas hits you from afar with a +3 trishula of holy wrath!
* * * LOW HITPOINT WARNING * * *
Mennas hits you from afar with a +3 trishula of holy wrath!
* * * LOW HITPOINT WARNING * * *
Unknown command.
Okay, then.
Press: ? - help, v - describe, . - travel
Here: Mennas, wielding a +3 trishula of holy wrath and wearing a +2 tower shield (grey smoke, severely wounded, haloed)
The floor, spattered with blood.
Okay, then. [a] - 260 gold - heal wounds and magic [b] - 480 gold - haste, brilliance, heal wounds and berserk rage [c] - 377 gold - heal wounds and magic Purchase which effect?
You feel as though your hastened speed will last longer.
You feel clever all of a sudden.
You feel much better.
You're still recovering from your berserk rage.
Mennas gestures frantically.
Mennas's surroundings become eerily quiet.
Mennas hits you from afar with a +3 trishula of holy wrath!!
* * * LOW HITPOINT WARNING * * *
You block Mennas's attack. You block Mennas's attack.
Mennas hits you but does no damage.
Unknown command.
You closely miss Mennas. Your claw misses Mennas.
Mennas is severely wounded.
Mennas hits you with a +3 trishula of holy wrath!
You die...
Your body crumbles into a pile of gold.

[))).[.).)..)).))....'.........▓
▓▓▓▓▓▓▓▓▓▓▓▓▓▓▓▓▓▓▓▓▓▓▓▓▓▓▓▓▓▓.▓
......)........................▓
▓▓▓▓▓▓▓▓▓▓▓▓▓▓▓▓▓▓▓▓▓▓▓▓▓▓▓▓▓▓▓▓
....................'..........▓
▓▓▓▓▓▓▓▓▓▓▓▓▓▓▓▓▓▓▓▓▓▓▓▓▓▓▓▓▓▓.▓
..[.....∩∩∩....................▓
▓▓▓▓▓▓▓▓▓▓▓▓♣♣♣♣♣♣♣♣♣♣♣♣♣♣▓▓▓▓▓▓
...∩∩∩......'§§§@A§...A...'....▓
▓▓▓▓▓▓▓▓▓▓▓▓♣♣♣♣♣♣♣♣♣♣♣♣♣♣▓▓▓▓.▓
....A...A...A..................▓
▓▓▓▓▓▓▓▓▓▓▓▓▓▓▓▓▓▓▓▓▓▓▓▓▓▓▓▓▓▓▓▓
$,,,$,$,,,$,$,,,,+$,,,,,,,,+,,,*
******************************,*
,,,,,,,,,,,,,,,,,,,,,,,,,,,,,,,*
********************************
,,,,,,,,,,,,,,,,,,,,,,,,+,,,,,,*


You could see Mennas (silencing).

Vanquished Creatures
  Boris (D)
  Frederick (D)
  Saint Roka (D)
  Nikola (D)
  Jory (D)
  3 liches (D)
  A thorn hunter (D)
  Ilsuiw (D)
  Kirke (D)
  4 nagarajas (D)
  6 emperor scorpions (D)
  4 fire giants (D)
  4 frost giants (D)
  3 ghost moths (D)
  2 vault wardens (D)
  A spriggan defender (D)
  An ironbound thunderhulk (D)
  2 stone giants (D)
  A deep elf demonologist (D)
  An entropy weaver (D)
  A dire elephant (D)
  2 bunyips (D)
  A purple draconian (D)
  4 ettins (D)
  6 merfolk javelineers (D)
  2 fire dragons (D)
  A great orb of eyes (D)
  7 hydras (D)
  2 merfolk impalers (D)
  A rakshasa (D)
  2 ice dragons (D)
  A jorogumo (D)
  5 ogre magi (D)
  2 yaktaur captains (D)
  An anaconda (D)
  3 ironbound frosthearts (D)
  5 centaur warriors (D)
  3 merfolk aquamancers (D)
  4 naga warriors (D)
  2 tengu warriors (D)
  A deep troll shaman (D)
  An orc high priest (D)
  2 naga sharpshooters (D)
  An iron troll (D)
  2 pharaoh ants (D)
  A goliath frog (D)
  A sea snake (D)
  A bog body (D)
  8 swamp dragons (D)
  2 deep trolls (D)
  A spriggan druid (D)
  A naga ritualist (D)
  An orb spider (D)
  A flayed ghost (D)
  A steelbarb worm (D)
  3 ironbound convokers (D)
  A wizard (D)
  A harpy (D)
  A necromancer (D)
  A mana viper (D)
  A deep elf pyromancer (D)
  A wolf spider (D)
  A cyclops (D)
  4 orc knights (D)
  A will-o-the-wisp (D)
  3 ugly things (D)
  A manticore (D)
  4 merfolk sirens (D)
  4 guardian serpents (D)
  3 vault sentinels (D)
  2 black mambas (D)
  An elephant (D)
  2 naga magi (D)
  2 cane toads (D)
  A gargoyle (D)
  3 demonic crawlers (D)
  Psyche (D)
  4 trolls (D)
  A tormentor (D)
  A hornet (D)
  2 merfolk (D)
  A polar bear (shapeshifter) (D)
  2 blink frogs (D)
  A slime creature (D)
  A jumping spider (D)
  2 yaks (D)
  2 water elementals (D)
  2 wyverns (D)
  A wraith (D)
  Grum (D)
  2 basilisks (D)
  A redback (D)
  5 wargs (D)
  2 acid dragons (D)
  A naga (D)
  7 water moccasins (D)
  2 hell hounds (D)
  An ice beast (D)
  13 orc warriors (D)
  A black bear (D)
  7 wolves (D)
  An ogre (D)
  A bullfrog (D)
  An orc priest (D)
  4 orc wizards (D)
  An adder (D)
  An ufetubus (D)
  8 orcs (D)
  2 ball pythons (D)
  A bat (D)
  A goblin (D)
  A jackal simulacrum (D)
  A kobold (D)
248 creatures vanquished.

Vanquished Creatures (others)
  A sun moth (D)
  3 humans (D)
4 creatures vanquished.

Grand Total: 252 creatures vanquished

Notes
Turn   | Place    | Note
-------+----------+-------------------------------------------
     0 | D        | mhtbhm the Troll Transmuter began the quest for the Orb.
     0 | D        | Reached XP level 1. HP: 18/18 MP: 1/1
   203 | D        | Noticed a black bear
   203 | D        | Noticed an ice beast
   203 | D        | Noticed a water moccasin
   205 | D        | Reached skill level 4 in Unarmed Combat
   205 | D        | Reached XP level 2. HP: 26/26 MP: 1/3
   210 | D        | Killed a black bear
   211 | D        | Reached skill level 6 in Unarmed Combat
   211 | D        | Reached XP level 3. HP: 32/32 MP: 1/5
   211 | D        | Reached XP level 4. HP: 40/40 MP: 1/6
   215 | D        | Killed an ice beast
   216 | D        | Reached skill level 1 in Fighting
   216 | D        | Reached skill level 8 in Unarmed Combat
   216 | D        | Reached XP level 5. HP: 48/48 MP: 2/8
   219 | D        | Killed a water moccasin
   220 | D        | Reached skill level 5 in Dodging
   220 | D        | Reached skill level 9 in Unarmed Combat
   220 | D        | Reached XP level 6. HP: 55/55 MP: 2/9
   342 | D        | Found a snail-covered altar of Cheibriados.
   342 | D        | Found a shadowy altar of Dithmenos.
   342 | D        | Found a white marble altar of Elyvilon.
   342 | D        | Found a blossoming altar of Fedhas.
   342 | D        | Found an opulent altar of Gozag.
   343 | D        | Found a hazy altar of Hepliaklqana.
   344 | D        | Found a viscous altar of Jiyva.
   345 | D        | Found an ancient bone altar of Kikubaaqudgha.
   346 | D        | Found a corrupted altar of Lugonu.
   347 | D        | Found a burning altar of Makhleb.
   348 | D        | Found a sparkling altar of Nemelex Xobeh.
   349 | D        | Found an iron altar of Okawaru.
   350 | D        | Became a worshipper of Gozag Ym Sagoz the Greedy
   351 | D        | Found a stormy altar of Qazlal.
   352 | D        | Found a sacrificial altar of Ru.
   353 | D        | Found a shimmering blue altar of Sif Muna.
   354 | D        | Found a bloodstained altar of Trog.
   355 | D        | Found a hide-covered altar of Uskayaw.
   356 | D        | Found a radiant altar of Vehumet.
   357 | D        | Found an ornate altar of the Wu Jian Council.
   358 | D        | Found a shimmering altar of Xom.
   359 | D        | Found a basalt altar of Yredelemnul.
   360 | D        | Found a glowing silver altar of Zin.
   361 | D        | Found a glowing golden altar of the Shining One.
   396 | D        | Learned a level 2 spell: Wereblood
   400 | D        | Learned a level 3 spell: Spider Form
   405 | D        | Learned a level 4 spell: Ice Form
   408 | D        | Noticed an acid dragon
   408 | D        | Noticed a wraith
   408 | D        | Noticed an orc warrior
   408 | D        | Noticed a hornet
   408 | D        | Noticed an orc warrior
   408 | D        | Noticed a yak
   415 | D        | Killed an acid dragon
   416 | D        | Reached skill level 10 in Unarmed Combat
   423 | D        | Killed a wraith
   424 | D        | Reached skill level 11 in Unarmed Combat
   424 | D        | Reached XP level 7. HP: 31/62 MP: 3/11
   680 | D        | HP: 3/63 [orc warrior/+0 glaive (14)]
   685 | D        | Killed a hornet
   686 | D        | Reached skill level 12 in Unarmed Combat
   686 | D        | Reached skill level 5 in Transmutations
   695 | D        | Killed a yak
   696 | D        | Reached XP level 8. HP: 42/72 MP: 11/13
   762 | D        | Noticed a deep elf pyromancer
   762 | D        | Noticed a centaur warrior
   762 | D        | Noticed a centaur warrior
   762 | D        | Noticed a polar bear
   762 | D        | Noticed a gargoyle
   768 | D        | Killed a deep elf pyromancer
   769 | D        | Reached skill level 13 in Unarmed Combat
   774 | D        | Killed a centaur warrior
   775 | D        | Reached skill level 1 in Stealth
   775 | D        | Reached skill level 14 in Unarmed Combat
   775 | D        | Reached skill level 5 in Spellcasting
   775 | D        | Reached skill level 1 in Ice Magic
   775 | D        | Reached skill level 1 in Poison Magic
   775 | D        | Reached XP level 9. HP: 28/81 MP: 8/15
   782 | D        | Killed a centaur warrior
   784 | D        | Killed a polar bear
   786 | D        | Killed a gargoyle
   905 | D        | Noticed Grum
   913 | D        | Killed Grum
   993 | D        | Noticed a cane toad
   997 | D        | Reached skill level 15 in Unarmed Combat
  1003 | D        | Killed a cane toad
  1004 | D        | Reached XP level 10. HP: 91/91 MP: 11/17
  1058 | D        | Noticed an elephant
  1063 | D        | Noticed a cane toad
  1072 | D        | Killed an elephant
  1073 | D        | Reached skill level 16 in Unarmed Combat
  1087 | D        | Killed a cane toad
  1256 | D        | Noticed Psyche
  1269 | D        | Killed Psyche
  1270 | D        | Reached skill level 17 in Unarmed Combat
  1525 | D        | Noticed an orc knight
  1529 | D        | Noticed an orc knight
  1537 | D        | Killed an orc knight
  1538 | D        | Reached XP level 11. HP: 71/100 MP: 14/20
  1640 | D        | Killed an orc knight
  1740 | D        | Noticed an orc knight
  1748 | D        | Killed an orc knight
  1762 | D        | Noticed an orc high priest
  1776 | D        | Killed an orc high priest
  1777 | D        | Reached skill level 18 in Unarmed Combat
  1782 | D        | Found Cube's Magic Scroll Emporium.
  1782 | D        | Noticed an ogre mage
  1782 | D        | Noticed an ogre mage
  1782 | D        | Noticed an ogre mage
  1782 | D        | Noticed an ogre mage
  1783 | D        | Noticed an ettin
  1785 | D        | Killed an ogre mage
  1792 | D        | Killed an ogre mage
  1793 | D        | Found Goggany's Book Shoppe.
  1802 | D        | Killed an ogre mage
  1803 | D        | Reached skill level 10 in Dodging
  1911 | D        | Paralysed by something for 2 turns
  1918 | D        | Killed an ogre mage
  1980 | D        | Killed an ettin
  1981 | D        | Reached skill level 5 in Fighting
  1981 | D        | Reached skill level 19 in Unarmed Combat
  2048 | D        | Found Orajo's Antique Armour Emporium.
  2052 | D        | Found Iduudgh's Antique Armour Shoppe.
  2054 | D        | Noticed an ogre mage
  2056 | D        | Noticed a deep troll
  2057 | D        | Noticed a deep troll
  2059 | D        | Killed an ogre mage
  2060 | D        | Noticed an iron troll
  2066 | D        | Killed a deep troll
  2070 | D        | Killed a deep troll
  2071 | D        | Reached skill level 5 in Ice Magic
  2075 | D        | Killed an iron troll
  2076 | D        | Reached XP level 12. HP: 57/111 MP: 16/23
  2170 | D        | Bought a book of Weapons for 280 gold pieces
  2176 | D        | Learned a level 5 spell: Blade Hands
  2188 | D        | Bought a scroll of magic mapping for 49 gold pieces
  2188 | D        | Bought a scroll of immolation for 49 gold pieces
  2188 | D        | Bought 3 scrolls of fog for 84 gold pieces
  2188 | D        | Bought a scroll of immolation for 49 gold pieces
  2188 | D        | Bought a scroll of immolation for 49 gold pieces
  2188 | D        | Bought a scroll of amnesia for 49 gold pieces
  2370 | D        | Noticed a centaur warrior
  2376 | D        | Noticed a tengu warrior
  2378 | D        | Reached skill level 20 in Unarmed Combat
  2379 | D        | Noticed a stone giant
  2381 | D        | Killed a centaur warrior
  2382 | D        | Reached skill level 5 in Stealth
  2382 | D        | Noticed a deep troll shaman
  2660 | D        | Noticed a fire giant
  2665 | D        | Killed a stone giant
  2669 | D        | Killed a tengu warrior
  2669 | D        | Noticed a stone giant
  2670 | D        | Reached skill level 10 in Transmutations
  2671 | D        | Killed a deep troll shaman
  2676 | D        | Killed a fire giant
  2678 | D        | Noticed a frost giant
  2685 | D        | Killed a stone giant
  2686 | D        | Reached skill level 21 in Unarmed Combat
  2802 | D        | Killed a frost giant
  3056 | D        | Noticed a tengu warrior
  3134 | D        | Killed a tengu warrior
  3205 | D        | Noticed Kirke
  3212 | D        | Killed Kirke
  3279 | D        | Noticed a bunyip
  3279 | D        | Noticed an eight-headed hydra
  3279 | D        | Noticed a four-headed hydra
  3279 | D        | Noticed a thorn hunter
  3282 | D        | Killed a bunyip
  3395 | D        | Killed an eight-headed hydra
  3399 | D        | Reached skill level 1 in Throwing
  3401 | D        | Reached skill level 1 in Evocations
  3401 | D        | Reached XP level 13. HP: 122/122 MP: 19/25
  3447 | D        | Killed a thorn hunter
  3489 | D        | Reached skill level 22 in Unarmed Combat
  3640 | D        | Reached skill level 10 in Spellcasting
  3813 | D        | Bought encrusted acid dragon scales for 1035 gold pieces
  3813 | D        | Identified the +2 acid dragon scales of Acwe {rCorr Int+3}
                  | (You bought it in a shop in the Dungeon)
  3826 | D        | Bought a potion of might for 136 gold pieces
  3826 | D        | Bought a worn brass wand for 136 gold pieces
  3826 | D        | Bought a scroll labelled BAGOF GIGUY for 34 gold pieces
  4130 | D        | Reached skill level 1 in Armour
  4326 | D        | Noticed an emperor scorpion
  4326 | D        | Noticed an entropy weaver
  4344 | D        | Killed an emperor scorpion
  4373 | D        | Killed an entropy weaver
  4534 | D        | Reached skill level 23 in Unarmed Combat
  4751 | D        | Noticed Saint Roka
  4763 | D        | Killed Saint Roka
  4862 | D        | Noticed a frost giant
  4862 | D        | Noticed a lich
  4862 | D        | Noticed a lich
  4862 | D        | Noticed a spriggan defender
  4862 | D        | Noticed a frost giant
  4867 | D        | Killed a frost giant
  4867 | D        | Noticed a fire giant
  4868 | D        | Reached XP level 14. HP: 36/131 MP: 20/28
  4876 | D        | Killed a lich
  4879 | D        | Killed a lich
  4884 | D        | Killed a spriggan defender
  4885 | D        | Reached skill level 24 in Unarmed Combat
  4889 | D        | Killed a frost giant
  4894 | D        | Noticed a lich
  4897 | D        | Killed a fire giant
  4899 | D        | Noticed a fire giant
  4903 | D        | Killed a lich
  4973 | D        | Killed a fire giant
  5076 | D        | Noticed a frost giant
  5083 | D        | Killed a frost giant
  5137 | D        | Reached skill level 25 in Unarmed Combat
  5150 | D        | Reached skill level 5 in Armour
  5394 | D        | Noticed a vault warden
  5396 | D        | Killed a vault warden
  5397 | D        | Reached skill level 26 in Unarmed Combat
  5413 | D        | Noticed a vault warden
  5424 | D        | Killed a vault warden
  5431 | D        | Noticed an ironbound thunderhulk
  5435 | D        | Killed an ironbound thunderhulk
  5446 | D        | Noticed a fire giant
  5456 | D        | Killed a fire giant
  5457 | D        | Reached skill level 15 in Transmutations
  5466 | D        | Reached XP level 15. HP: 43/140 MP: 21/31
  5587 | D        | Noticed Jory
  5595 | D        | Killed Jory
  5638 | D        | Noticed Nikola
  5664 | D        | Killed Nikola
  5665 | D        | Reached skill level 27 in Unarmed Combat
  5729 | D        | Found the +11 plutonium sword {Contam Stlth-}
  5731 | D        | Found the +8 autumn katana {vorpal, manifold assault}
  5835 | D        | Noticed Boris
  5852 | D        | Killed Boris
  5955 | D        | Noticed a nagaraja
  5955 | D        | Noticed a nagaraja
  5959 | D        | Killed a nagaraja
  5962 | D        | Noticed a nagaraja
  5973 | D        | Killed a nagaraja
  5977 | D        | Killed a nagaraja
  5978 | D        | Noticed a nagaraja
  5989 | D        | Killed a nagaraja
  5998 | D        | Got a serpentine rune of Zot
  6070 | D        | Noticed Ilsuiw
  6085 | D        | Killed Ilsuiw
  6164 | D        | Bought a potion of mutation for 96 gold pieces
  6164 | D        | Bought a potion of heal wounds for 60 gold pieces
  6164 | D        | Bought a potion of curing for 36 gold pieces
  6164 | D        | Bought a potion of might for 48 gold pieces
  6164 | D        | Bought a potion of berserk rage for 60 gold pieces
  6164 | D        | Bought a potion of curing for 36 gold pieces
  6164 | D        | Bought a potion of cancellation for 96 gold pieces
  6164 | D        | Bought a potion of cancellation for 96 gold pieces
  6166 | D        | Bought the brooch of Shielding {Spirit SH+8} for 891 gold
                  | pieces
  6166 | D        | Found the brooch of Shielding {Spirit SH+8}
  6166 | D        | Bought the ring of Haez {*Slow rF- rN+++ Will+++ Slay+4}
                  | for 1548 gold pieces
  6178 | D        | Bought a runed cloak for 225 gold pieces
  6178 | D        | Bought a silvery potion for 27 gold pieces
  6427 | D        | Reached skill level 15 in Spellcasting
  6432 | D        | Reached skill level 1 in Shields
  6769 | D        | Got a barnacled rune of Zot
  6786 | D        | Noticed an emperor scorpion
  6786 | D        | Noticed an emperor scorpion
  6793 | D        | Killed an emperor scorpion
  6798 | D        | Killed an emperor scorpion
  6799 | D        | Noticed an emperor scorpion
  6805 | D        | Noticed an emperor scorpion
  6812 | D        | Noticed an emperor scorpion
  6820 | D        | Killed an emperor scorpion
  6825 | D        | Killed an emperor scorpion
  6827 | D        | Killed an emperor scorpion
  6856 | D        | Got a gossamer rune of Zot
  6983 | D        | Bought the Guide on Weightlessness for 480 gold pieces
  6991 | D        | Learned a level 7 spell: Storm Form
  6993 | D        | Bought Sif Muna's Almanac of the Toxic Rocks for 748 gold
                  | pieces
  6998 | D        | Learned a level 4 spell: Animate Armour
  7000 | D        | Bought a scroll of summoning for 152 gold pieces
  7000 | D        | Bought a scroll of blinking for 120 gold pieces
  7000 | D        | Bought a scroll of fog for 32 gold pieces
  7000 | D        | Bought a scroll of acquirement for 832 gold pieces
  7000 | D        | Bought a scroll of enchant armour for 120 gold pieces
  7000 | D        | Bought a scroll of identify for 32 gold pieces
  7002 | D        | Acquired 944 gold pieces
  7042 | D        | Reached XP level 16. HP: 116/153 MP: 14/35
  7053 | D        | Got a decaying rune of Zot
  7189 | D        | Noticed Frederick
  7197 | D        | Killed Frederick
  7200 | D        | Noticed Mennas
  7337 | D        | HP: 7/153 [Mennas/+3 trishula of holy wrath (8)]
  7344 | D        | Slain by Mennas

Illustrated notes

Levels and vault maps discovered:
D:        linesprint [early_d, line_temple, items_1, d_10, items_2, lair_1,
          lair_end, items_3, orc_1, orc_end, items_4, d_15, swamp_1, shoals_1,
          snake_1, spider_1, d_20, vaults_1, items_5, swamp_end, shoals_end,
          snake_end, spider_end, vaults_end, d_27, items_6, zot_1, zot_end,
          crypt_end, forest_end, elf_end, slime_end, tomb_end, abyss_end,
          pan_hell_end]

Skill      XL: |  1  2  3  4  5  6  7  8  9 10 11 12 13 14 15 |
---------------+----------------------------------------------+-----
Dodging        | 2 3 4 5 6 7 8 9 10 11 12 13 | 13.7
Unarmed Combat | 4 6 8 9 11 12 14 15 17 19 21 23 26 27 | 27.0
Spellcasting   | 2 3 4 5 6 8 9 11 13 16 | 16.3
Transmutations | 2 3 4 5 6 7 9 11 13 15 18 | 18.3
Fighting       | 1 2 3 4 5 6 7 8 |  8.4
Stealth        | 1 2 4 5 6 7 |  7.1
Ice Magic      | 1 2 3 5 |  5.8
Poison Magic   | 1 |  1.3
Throwing       | 1 |  1.6
Evocations     | 1 2 |  2.9
Armour         | 3 5 8 |  8.2
Shields        | 4 |  4.9

Action                   |  1- 3 |  4- 6 |  7- 9 | 10-12 | 13-15 | 16-18 || total
-------------------------+-------+-------+-------+-------+-------+-------++-------
Melee: Unarmed           |    16 |    24 |    46 |   217 |   386 |    38 ||   727
       Kick              |       |     2 |     1 |       |       |       ||     3
       Punch             |       |     1 |       |     7 |    67 |     4 ||    79
       Headbutt          |       |       |     1 |       |       |       ||     1
Throw: Large rock        |       |       |       |     3 |       |       ||     3
 Cast: Beastly Appendage |     1 |     1 |     1 |     1 |       |       ||     4
       Wereblood         |       |     1 |     4 |    19 |    26 |     2 ||    52
       Spider Form       |       |     1 |       |       |       |       ||     1
       Ice Form          |       |       |     3 |    14 |     1 |       ||    18
       Blade Hands       |       |       |       |     7 |    38 |     2 ||    47
Invok: Potion Petition   |       |       |     1 |       |     6 |     2 ||     9
       Call Merchant     |       |       |       |       |     9 |       ||     9
Evoke: Wand              |       |       |     1 |     2 |     5 |       ||     8
  Use: Potion            |     1 |       |     4 |       |     1 |     4 ||    10
       Scroll            |       |       |     1 |     6 |    10 |     3 ||    20
 Stab: Distracted        |       |       |     2 |     3 |     5 |       ||    10
       Invisible         |       |       |     3 |       |       |       ||     3
       Sleeping          |       |       |       |       |     1 |       ||     1
Armor: Robe              |     1 |       |     4 |    15 |     2 |       ||    22
       Skin              |     7 |     7 |     7 |    24 |     8 |       ||    53
       Acid dragon scale |       |       |       |       |    63 |     2 ||    65
Dodge: Dodged            |     8 |    12 |    28 |    66 |   130 |     6 ||   250
Block: Other             |       |       |       |       |    24 |     9 ||    33

Table legend: (Time is in decaauts)
 A = Elapsed time spent in this place.
 B = Non-inter-level travel time spent in this place.
 C = Inter-level travel time spent in this place.
 D = Time resting spent in this place.
 E = Time spent auto-exploring this place.
 F = Levels seen in this place.
 G = Mean time per level.
                   A        B        C        D        E       F      G
               +--------+--------+--------+--------+--------+-----+--------+
         Total |   7015 |   7015 |      0 |   2279 |   1734 |   1 | 7015.0 |
       Dungeon |   7015 |   7015 |      0 |   2279 |   1734 |   1 | 7015.0 |
               +--------+--------+--------+--------+--------+-----+--------+

Top non-repeatable levels by time:
       D: 7015 daAuts
